 Dungeon Crawl Stone Soup version 0.31-a0-1074-g0b22e4e0f1 (webtiles) character file.

Game seed: 16476999147758438566

86 porpoise the Shooter (level 4, 0/35 HPs)
             Began as a Human Hunter on Dec 1, 2023.
             Slain by Natasha (7 damage)
             ... on level 2 of the Dungeon.
             The game lasted 00:05:26 (1649 turns).

porpoise the Shooter (Human Hunter)                 Turns: 1649, Time: 00:05:26

Health: 0/35       AC:  3    Str: 12    XL:     4   Next: 77%
Magic:  4/4        EV: 12    Int:  9    God:
Gold:   80         SH:  0    Dex: 18    Spells: 3/3 levels left

rFire   + . .        a - +0 shortbow
rCold   . . .        (shield currently unavailable)
rNeg    . . .        c - +0 leather armour
rPois   .            (no helmet)
rElec   .            (no cloak)
rCorr   .            (no gloves)
SInv    .            (no boots)
Will    .....        (no amulet)
Stlth   ++           i - ring of protection from fire
HPRegen 0.25/turn    (no ring)
MPRegen 0.09/turn

%: no passive effects
@: slowed, very slow
A: no striking features
a: no special abilities


You were on level 2 of the Dungeon.
You visited 1 branch of the dungeon, and saw 2 of its levels.

You collected 80 gold pieces.

Inventory:

Hand Weapons
 a - a +0 shortbow (weapon)
Missiles
 h - 6 boomerangs
Armour
 c - a +0 leather armour (worn)
Jewellery
 i - a ring of protection from fire (left hand)
Scrolls
 b - a scroll of butterflies
 j - a scroll of revelation
 l - a scroll of teleportation
 n - 3 scrolls of immolation {unknown}
 o - a scroll of enchant weapon {unknown}
Potions
 d - 3 potions of curing
 e - a potion of haste {unknown}
 f - a potion of mutation
 g - a potion of degeneration {unknown}
 k - a potion of heal wounds {unknown}
 m - a potion of magic {unknown}


   Skills:
 + Level 3.1 Fighting
 * Level 5.2 Ranged Weapons
 - Level 2.0 Dodging
 - Level 1.0 Stealth


You had 3 spell levels left.
You didn't know any spells.
Your spell library contained the following spells:

 Spells                   Type           Power      Damage    Failure   Level
 Tukima's Dance           Hex            0%         N/A       83%         3
 Anguish                  Hex/Necr       0%         N/A       99%         4
 Cause Fear               Hex            0%         N/A       99%         4
 Passage of Golubria      Tloc           0%         N/A       99%         4
 Yara's Violent Unravell  Hex/Tmut       0%         3d3       100%        5
 Enfeeble                 Hex            0%         N/A       100%        7


Dungeon Overview and Level Annotations

Branches:
Dungeon (2/15)

Altars:
Okawaru

Shops:
D:2 =

Annotations:
D:2 Natasha


Message History

No target in view!
An endoplasm comes into view.
The endoplasm quivers.
You see here a +0 chain mail.
You shoot an arrow.
The arrow hits the endoplasm but does no damage.
You shoot an arrow. The arrow hits the endoplasm!
You kill the endoplasm!
No target in view!
o - a scroll labelled QEB VOTUTAF Natasha, Servant of Life and Death comes into view.
Natasha hisses angrily.
Natasha mewls in sadness.
Natasha casts a spell at you.
You feel yourself slow down.
You shoot an arrow. The arrow hits Natasha.
Natasha is lightly wounded.
An endoplasm comes into view.
You shoot an arrow. The arrow barely misses Natasha.
The endoplasm quivers.
You shoot an arrow. The arrow closely misses Natasha.
Natasha closely misses you.
You shoot an arrow. The arrow barely misses Natasha.
The arrow hits the endoplasm!
You kill the endoplasm!
Natasha claws you. Natasha barely misses you.
You shoot an arrow. The arrow hits Natasha.
Natasha is heavily wounded.
Natasha stares at you and mumbles some strange words.
The magic dart hits you!
You shoot an arrow.
The arrow hits Natasha but does no damage.
Natasha is heavily wounded.
Natasha stares at you and mumbles some strange words.
The magic dart hits you! Natasha claws you!
* * * LOW HITPOINT WARNING * * *
You are too injured to fight recklessly!
You shoot an arrow. The arrow closely misses Natasha.
Natasha claws you!
You die...
Natasha curls up and begins to purr.

**** ******,,* *,,,,,,,* #####
****.*****,**
#...###########....<,,**,,*
#..........@h...#*,*#.*#..##
###...#############*,*#.##...#
#.......# *,*#.##...#
#.##.##.# #,*#.##....
#.##.##.# #.*#.##....
#.##.##.# #.##.##....
#.##.##.# ####.....†....
####.##..#.#######
#.............
.....###.#.......#
#.#####.##...#


You could see Natasha.

Vanquished Creatures
  3 adders (D:2)
  2 dart slugs
  6 endoplasms
  2 giant cockroaches (D:1)
  3 goblins (D:1)
  5 hobgoblins
  6 jackals
  2 kobolds (D:1)
  A quokka (D:1)
  6 ball pythons
  6 bats
  2 frilled lizards
  8 rats
52 creatures vanquished.

Notes
Turn   | Place    | Note
-------+----------+-------------------------------------------
     0 | D:1      | porpoise the Human Hunter began the quest for the Orb.
     0 | D:1      | Reached XP level 1. HP: 16/16 MP: 1/1
    62 | D:1      | Reached XP level 2. HP: 20/22 MP: 2/2
   388 | D:1      | Reached XP level 3. HP: 28/28 MP: 3/3
   417 | D:1      | You fall into a shaft and drop 1 floor!
  1140 | D:2      | Reached XP level 4. HP: 14/34 MP: 4/4
  1288 | D:2      | Reached skill level 5 in Ranged Weapons
  1306 | D:2      | Found Feicw's Jewellery Shoppe.
  1376 | D:2      | Found an iron altar of Okawaru.
  1455 | D:2      | Found a faded altar of an unknown god.
  1642 | D:2      | Noticed Natasha
  1649 | D:2      | Slain by Natasha

Illustrated notes

Levels and vault maps discovered:
D:1:      nicolae_arrival_memento_mori, layout_basic, supply_closet_lemuel,
          minmay_tromino_v4_a
D:2:      layout_loops_ring, basic_altar, hellmonk_ecumenical_altar_zigzags,
          serial_shops, shop, uniq_natasha

Skill      XL: |  1  2  3  4 |
---------------+-------------+-----
Ranged Weapons | 5 |  5.2
Fighting       | 3 |  3.1
Dodging        | |  2.0
Stealth        | |  1.0

Action                     |  1- 3 |  4- 6 || total
---------------------------+-------+-------++-------
   Fire: Shortbow          |   103 |    51 ||   154
    Use: Scroll            |       |     4 ||     4
 Armour: Leather armour    |    42 |    12 ||    54
  Dodge: Dodged            |    38 |    18 ||    56

Table legend: (Time is in decaauts)
 A = Elapsed time spent in this place.
 B = Non-inter-level travel time spent in this place.
 C = Inter-level travel time spent in this place.
 D = Time resting spent in this place.
 E = Time spent auto-exploring this place.
 F = Levels seen in this place.
 G = Mean time per level.
                   A        B        C        D        E       F      G
               +--------+--------+--------+--------+--------+-----+--------+
         Total |   1685 |   1565 |    120 |    173 |   1020 |   2 |  842.5 |
       Dungeon |   1685 |   1565 |    120 |    173 |   1020 |   2 |  842.5 |
               +--------+--------+--------+--------+--------+-----+--------+

Top non-repeatable levels by time:
     D:1: 1169 daAuts
     D:2: 515 daAuts
